 Dungeon Crawl Stone Soup version 0.24.0-123-gd5b16e6ec5 (webtiles) character file.

Game seed: 15675993397207234669, levelgen mode: deterministic

5726 Gynju the Arsonist (level 10, 0/69 HPs)
             Began as a Grey Draconian Fire Elementalist on Feb 11, 2020.
             Was a High Priest of Ru.
             Slain by a hornet (10 damage)
             ... while paralysed by a hornet
             ... on level 9 of the Dungeon.
             The game lasted 00:31:15 (11786 turns).

Gynju the Arsonist (DrFE)                          Turns: 11786, Time: 00:31:16

Health: 0/69       AC: 15    Str: 10    XL:     10   Next: 48%
Magic:  2/32       EV:  2    Int: 20    God:    Ru [*****.]
Gold:   529        SH:  0    Dex: 11    Spells: 14/27 levels left

rFire    + . .     SeeInvis .   p - +8 hand axe of the Sun {pain, *Contam rElec MP+9}
rCold    x . .     Gourm    .   (shield unavailable)
rNeg     . . .     Faith    .   (armour unavailable)
rPois    .         Spirit   .   (helmet restricted)
rElec    +         Reflect  .   (no cloak)
rCorr    .         Harm     .   k - +2 pair of gloves
MR       .....                  (no boots)
Stlth    ++........             (no amulet)
HPRegen  0.21/turn              (ring unavailable)
MPRegen  0.23/turn              r - ring of fire

@: paralysed, lethally poisoned (0 -> -8), slowed
A: walk through water, unfitting armour, unbreathing, cold-blooded, missing a
hand, hated by all, no air magic, no summoning magic, no transmutations magic,
AC +12
a: Draw Out Power, Power Leap, Apocalypse, Renounce Religion


You were on level 9 of the Dungeon.
You worshipped Ru.
Ru was extremely pleased with you.
You were not hungry.

You visited 1 branch of the dungeon, and saw 9 of its levels.

You collected 529 gold pieces.

Inventory:

Hand Weapons
 a - a +0 spear
 p - the +8 hand axe of the Sun (weapon) {pain, *Contam rElec MP+9}
   (You took it off a crimson imp on level 8 of the Dungeon)

   In the hands of one skilled in necromantic magic, it inflicts extra damage on
   living creatures.
   It insulates you from electricity.
   It affects your magic capacity (+9).
   It causes magical contamination when unequipped.
 x - a +2 morningstar of freezing
 z - a +5 flail of draining
Missiles
 c - 251 stones (quivered)
 n - 66 sling bullets
Armour
 k - a +2 pair of gloves (worn)
Magical Staves
 s - an uncursed staff of poison
 D - an uncursed staff of conjuration
Jewellery
 r - a ring of fire (right hand)
Wands
 j - a wand of paralysis (3)
 w - a wand of random effects (43)
 y - a wand of acid (10)
Scrolls
 d - 3 scrolls of identify {@r1}
 f - a scroll of teleportation
 l - a scroll of random uselessness
 m - 2 scrolls of fog
 t - 2 scrolls of amnesia
 v - 3 scrolls of remove curse {@r2}
 B - a scroll of vulnerability {unknown}
Potions
 e - a potion of mutation {unknown}
 g - 3 potions of flight
 h - 6 potions of might
 i - a potion of brilliance
 o - a potion of invisibility
 q - a potion of curing {@q1}
 u - a potion of haste
 A - 2 potions of ambrosia {unknown}
 C - 2 potions of degeneration {unknown}
Comestibles
 b - 21 rations


   Skills:
 - Level 1.7 Dodging
 - Level 1.7 Stealth
 * Level 9.0 Spellcasting
 + Level 7.6 Conjurations
 * Level 9.5 Fire Magic
 + Level 3.1 Evocations


You had 14 spell levels left.
You knew the following spells:

 Your Spells              Type           Power        Failure   Level  Hunger
a - Flame Tongue          Conj/Fire      #####        1%          1    None
b - Conjure Flame         Conj/Fire      ######..     1%          3    None
c - Sticky Flame          Conj/Fire      ######..     2%          4    ###....
d - Fireball              Conj/Fire      ######....   6%          5    #####..

Your spell library contained the following spells:

 Spells                   Type           Power        Failure   Level  Hunger
 Throw Flame              Conj/Fire      ######       1%          2    None
 Inner Flame              Hex/Fire       #####...     3%          3    None
 Cause Fear               Hex            #.........   58%         4    ###....
 Discord                  Hex            #.........   100%        8    #######
 Silence                  Hex/Air        Unusable     N/A         5    N/A
 Yara's Violent Unravell  Hex/Tmut       Unusable     N/A         5    N/A
 Deflect Missiles         Chrm/Air       Unusable     N/A         6    N/A

Dungeon Overview and Level Annotations

Branches:
Dungeon (9/15)             Temple (0/1) D:6             Orc (0/2) D:9
   Lair: D:8-11

Altars:
Fedhas
Gozag
Ru
Trog
Yredelemnul

Shops:
D:8 =


Innate Abilities, Weirdness & Mutations

You can walk through water.
Your dull iron-grey scales are very hard. (AC +12)
You cannot fit into any form of body armour.
You can survive without breathing.
You are cold-blooded and may be slowed by cold attacks.
You are missing a hand.
You are hated by all.
You cannot study or cast Air magic.
You cannot study or cast Summoning magic.
You cannot study or cast Transmutations magic.


Message History

The hornet barely misses you.
You completely miss the hornet.
The hornet is lightly wounded.
The hornet is stunned by your will and fails to attack.
The hornet closely misses you. The hornet barely misses you.
You hit the hornet but do no damage.
The hornet is lightly wounded.
The hornet stings you!
You feel as though you will be slow longer.
The hornet barely misses you.
The hornet is stunned by your will and fails to attack.
You hit the hornet but do no damage.
The hornet is lightly wounded.
The hornet stops glowing.
The hornet stings you!
You suddenly lose the ability to move!
The hornet stings you!!
* * * LOW HITPOINT WARNING * * *
You are poisoned.
You feel as though you will be slow longer.
The hornet stings you!
You die...

#.....#...............)...#
#.....#...................#
#.....#............)......#
#.....#...................#
#.....#...##.[...##########
#.....#...##.....#
#....##...##.....#
##...##...##.....#
#...............@#
#................ya.....
#................#......
#................#......
##...###+#####...# .....
##...###..####+### .....
#............... ....
##...............# ....
##...............#


You could see a hornet and a worker ant.

Vanquished Creatures
  Harold (D:7)
  A two-headed ogre (D:7)
  Joseph (D:7)
  The ghost of brucemayne the Cleaver, an amateur HOMo (D:6)
  A hippogriff (D:9)
  A spriggan (D:7)
  A hungry ghost (D:6)
  Edmund (D:6)
  3 orc warriors
  2 phantoms
  2 ogres
  An ice beast (D:7)
  3 centaurs
  A crocodile (D:7)
  A gnoll sergeant (D:9)
  4 bullfrogs
  A scorpion (D:6)
  5 killer bees (D:8)
  3 wights (D:8)
  3 howler monkeys (D:8)
  The ghost of Xerdoz the Insei, a weakling OpTm (D:3)
  3 crimson imps
  A quasit (D:6)
  2 centaur zombies
  5 hounds
  4 orc wizards
  A bullfrog skeleton (D:7)
  3 centaur skeletons
  2 jellies
  6 orc priests
  2 iguanas
  6 worker ants
  A hound zombie (D:6)
  A hound skeleton (D:8)
  A worker ant zombie (D:5)
  12 gnolls
  A howler monkey skeleton (D:9)
  10 adders
  2 hound simulacra (D:3)
  A white imp (D:3)
  2 worker ant simulacra (D:3)
  2 oozes
  An adder zombie (D:6)
  5 worms
  An adder simulacrum (D:3)
  4 leopard geckos
  23 orcs
  6 bats
  8 giant cockroaches
  6 goblins
  7 hobgoblins
  6 jackals
  4 kobolds
  6 quokkas
  8 frilled lizards
  A giant cockroach zombie (D:5)
  A jackal simulacrum (D:3)
  A quokka skeleton (D:6)
  9 rats
203 creatures vanquished.

Vanquished Creatures (others)
  An orc warrior (D:7)
  A crimson imp (D:8)
2 creatures vanquished.

Grand Total: 205 creatures vanquished

Notes
Turn   | Place    | Note
-------+----------+-------------------------------------------
     0 | D:1      | Gynju the Draconian Fire Elementalist began the quest for
                  | the Orb.
     0 | D:1      | Reached XP level 1. HP: 14/14 MP: 3/3
   255 | D:1      | Reached XP level 2. HP: 16/20 MP: 5/5
  1174 | D:2      | Reached XP level 3. HP: 18/26 MP: 0/6
  1406 | D:2      | Learned a level 3 spell: Conjure Flame
  1641 | D:2      | Reached XP level 4. HP: 33/33 MP: 6/8
  1651 | D:2      | Learned a level 4 spell: Sticky Flame
  1813 | D:2      | Reached skill level 1 in Shields
  2170 | D:3      | Found a sacrificial altar of Ru.
  2179 | D:3      | Became a worshipper of Ru the Awakened
  2194 | D:3      | Found a runed translucent gate.
  2194 | D:3      | Found a runed translucent gate.
  2194 | D:3      | Found a runed translucent gate.
  2727 | D:3      | Noticed Xerdoz's ghost (weakling OpTm)
  3239 | D:3      | Killed Xerdoz's ghost
  3239 | D:3      | Reached XP level 5. HP: 24/38 MP: 0/9
  3714 | D:4      | Noticed a phantom
  3721 | D:4      | Killed a phantom
  3721 | D:4      | Reached XP level 6. HP: 35/45 MP: 3/11
  3970 | D:4      | Gained mutation: You are missing a hand. [Ru sacrifice]
  3970 | D:4      | Reached * piety under Ru
  3970 | D:4      | Reached ** piety under Ru
  3970 | D:4      | Reached *** piety under Ru
  4147 | D:4      | Your scales start taking on a dull iron-grey colour.
  4147 | D:4      | Reached XP level 7. HP: 49/50 MP: 0/12
  4147 | D:4      | Gained mutation: You can survive without breathing. [Grey
                  | Draconian growth]
  4301 | D:4      | Found a basalt altar of Yredelemnul.
  4562 | D:5      | Entered Level 5 of the Dungeon
  4695 | D:5      | Reached skill level 5 in Fire Magic
  5721 | D:6      | Found a runed translucent door.
  5724 | D:6      | Noticed brucemayne's ghost (amateur HOMo)
  5806 | D:6      | Found an opulent altar of Gozag.
  5815 | D:6      | Reached skill level 5 in Spellcasting
  5815 | D:6      | Reached skill level 5 in Conjurations
  5833 | D:6      | Found a bloodstained altar of Trog.
  5981 | D:6      | Found a staircase to the Ecumenical Temple.
  6195 | D:6      | Noticed Edmund
  6230 | D:6      | Reached XP level 8. HP: 57/57 MP: 3/15
  6339 | D:6      | Killed Edmund
  6681 | D:6      | Killed brucemayne's ghost
  7834 | D:7      | Gained mutation: You cannot study or cast Air magic. [Ru
                  | sacrifice]
  7834 | D:7      | Gained mutation: You cannot study or cast Transmutations
                  | magic. [Ru sacrifice]
  7834 | D:7      | Gained mutation: You cannot study or cast Summoning magic.
                  | [Ru sacrifice]
  7834 | D:7      | Reached **** piety under Ru
  7890 | D:7      | Reached XP level 9. HP: 62/62 MP: 12/19
  8030 | D:7      | Noticed Harold
  8066 | D:7      | Killed Harold
  8624 | D:7      | Noticed Joseph
  8644 | D:7      | Killed Joseph
  8644 | D:7      | Reached skill level 1 in Evocations
  9118 | D:7      | Learned a level 5 spell: Fireball
  9319 | D:8      | Found Ocios's Jewellery Shop.
  9669 | D:8      | Reached XP level 10. HP: 69/69 MP: 18/22
  9832 | D:8      | Noticed a two-headed ogre
  9852 | D:7      | Killed a two-headed ogre
 10425 | D:8      | Found a blossoming altar of Fedhas.
 10921 | D:8      | Identified the +8 hand axe of the Sun {pain, *Contam rElec
                  | MP+9}
 11181 | D:9      | Found a staircase to the Orcish Mines.
 11609 | D:9      | Gained mutation: You are hated by all. [Ru sacrifice]
 11609 | D:9      | Reached ***** piety under Ru
 11786 | D:9      | Paralysed by a hornet for 3 turns
 11786 | D:9      | Slain by a hornet

Levels and vault maps discovered:
D:1:      evilmike_arrival_run_for_it, layout_basic
D:2:      layout_basic
D:3:      layout_loops_ring, first_ration, gammafunk_ghost_icy,
          nicolae_ru_awakened_eye
D:4:      layout_basic, yredelemnul_altar_generic
D:5:      layout_basic
D:6:      layout_basic, grunt_temple_overflow_open,
          minmay_temple_entry_metal_lava, ebering_ghost_reflecting_pool,
          uniq_edmund
D:7:      layout_cave_pools, the_bakery, uniq_harold, uniq_joseph
D:8:      layout_basic, lemuel_doored_altar, serial_shops, kennysheep_mini_moat
D:9:      layout_gridville, david_orc_3, basic_altar

Skill      XL: |  1  2  3  4  5  6  7  8  9 10 |
---------------+-------------------------------+-----
Conjurations   | 2 3 5 6 7 |  7.6
Shields        | 1 2 0 |  0.0
Spellcasting   | 3 5 6 8 9 |  9.0
Fire Magic     | 4 5 7 8 9 |  9.5
Evocations     | 1 3 |  3.1
Dodging        | |  1.7
Stealth        | |  1.7

Action                   |  1- 3 |  4- 6 |  7- 9 | 10-12 || total
-------------------------+-------+-------+-------+-------++-------
Melee: Spear             |    42 |     4 |       |       ||    46
       Unarmed           |    10 |       |       |       ||    10
       Tailslap          |     4 |       |     1 |     2 ||     7
       Morningstar       |       |       |     8 |    15 ||    23
       Flail             |       |       |    14 |       ||    14
       Hand axe          |       |       |       |    16 ||    16
Throw: Stone             |     3 |       |     6 |    10 ||    19
 Cast: Flame Tongue      |    47 |   125 |   294 |   155 ||   621
       Sticky Flame      |       |       |     7 |     3 ||    10
       Fireball          |       |       |       |     2 ||     2
Invok: Sacrifice a Hand  |       |     1 |       |       ||     1
       Draw Out Power    |       |       |     1 |       ||     1
       Sacrifice Arcana  |       |       |     1 |       ||     1
       Sacrifice Love    |       |       |       |     1 ||     1
  Use: Scroll            |       |       |    19 |       ||    19
 Stab: Sleeping          |     1 |       |       |       ||     1
  Eat: Chunk             |     3 |     7 |    14 |     8 ||    32
       Ration            |       |       |     2 |       ||     2
Armor: Skin              |    18 |    18 |    86 |    60 ||   182
Dodge: Dodged            |    54 |    32 |   139 |    82 ||   307
Block: Buckler           |     8 |    17 |       |       ||    25
